AoeStats
← [CL]Sendoh

African Clearing

510848939Analyzed
2v2 RM · 12h ago on Oct 2, 2026· 50m 29s· 4 players
Game mode
Random Map
Map size
Medium (4 player)
Population
200
Speed
Normal
Resources
Standard
Victory
Conquest
Starting age
Dark Age
Ending age
Imperial Age
RankedLock teamsTeams togetherTeam positionsShared explorationLock speedFull tech treeHidden civsTurbo modeCheats
Victory
Defeat
🇩🇪 Koreans · Germany
1396
+15
🇨🇴 Vietnamese · Colombia
1302
+19
🇨🇱 Hindustanis · Chile
1395
-18
🇨🇱 Mongols · Chile
1354
-16
[CL]Sendoh
4:06 Loom
12:46 Feudal Age
16:41 Double-Bit Axe
18:28 Bloodlines
20:39 Forging
25:21 Castle Age
24:16 Stone Mining
32:59 Town Watch
33:20 Pikeman
34:50 Squires
36:54 Iron Casting
39:05 Bow Saw
39:34 Wheelbarrow
42:04 Imperial Age
39:36 Fletching
41:41 Scale Mail Armor
42:38 Chain Mail Armor
44:26 Blast Furnace
44:58 Bodkin Arrow
[CL]Jigsaw
3:38 Loom
12:09 Feudal Age
13:18 Double-Bit Axe
14:28 Forging
14:49 Scale Barding Armor
23:52 Castle Age
22:17 Horse Collar
23:44 Scale Mail Armor
24:22 Town Watch
25:34 Pikeman
27:01 Squires
29:51 Chain Mail Armor
33:48 Iron Casting
35:18 Fletching
40:35 Imperial Age
38:29 Arson
39:21 Bodkin Arrow
40:24 Padded Archer Armor
41:48 Wheelbarrow
42:23 Onager
44:32 Hand Cart
44:18 Town Patrol
44:31 Bow Saw
46:53 Light Cavalry
47:45 Bloodlines
47:35 Husbandry
49:21 Siege Onager
Rammanuyan
5:43 Loom
10:16 Loom
12:34 Feudal Age
13:06 Double-Bit Axe
13:04 Horse Collar
18:37 Wheelbarrow
23:22 Castle Age
22:42 Bloodlines
26:17 Fletching
29:36 Scale Barding Armor
30:20 Bow Saw
32:37 Heavy Plow
32:47 Town Watch
34:12 Hand Cart
34:47 Stone Mining
34:47 Gold Mining
37:10 Bodkin Arrow
37:43 Ballistics
37:27 Padded Archer Armor
38:26 Stone Shaft Mining
40:47 Imperial Age
39:26 Chain Barding Armor
39:16 Forging
39:24 Leather Archer Armor
39:30 Chain Barding Armor
39:20 Forging
40:45 Thumb Ring
41:13 Husbandry
40:36 Light Cavalry
41:34 Bracer
40:55 Elite Rattan Archer
41:58 Paper Money
42:46 Chemistry
41:51 Siege Engineers
42:43 Ring Archer Armor
42:49 Plate Barding Armor
42:49 Iron Casting
43:45 Iron Casting
45:34 Guard Tower
47:38 Town Patrol
48:58 Sappers
Bechti420
4:00 Loom
13:45 Feudal Age
20:08 Castle Age
18:43 Fletching
22:52 Bodkin Arrow
46:17 Double-Bit Axe
47:46 Eupseong
48:29 Ballistics
Connection lost

Rejoining the realm…

Still unreachable

The connection could not be restored.

Session expired

The server has moved on; the page needs a fresh start.